 Dungeon Crawl Stone Soup version 0.29-a0-40-g8eb35efe60 (webtiles) character file.

Game seed: 12280749382735357970

3267 robertstho the Thaumaturge (level 10, -5/69 HPs)
             Began as a Djinni Fire Elementalist on Jan 31, 2022.
             Was an Initiate of Makhleb.
             Slain by a six-headed hydra (14 damage)
             ... on level 8 of the Dungeon on Feb 1, 2022.
             The game lasted 00:16:10 (10505 turns).

robertstho the Thaumaturge (DjFE)                  Turns: 10505, Time: 00:16:10

Health: -5/69      AC:  5    Str: 13    XL:     10   Next: 19%
Gold:   292        EV: 13    Int: 22    God:    Makhleb [......] SH:  0 Dex: 13

rFire   + + +      SeeInvis +   x - +5 dagger of Midsummer {vorpal, Contam rElec rC+ SInv}
rCold   x . .      Faith    .   (no shield)
rNeg    . . .      Spirit   .   y - +0 steam dragon scales
rPois   ∞          Reflect  .   (no helmet)
rElec   +          Harm     .   (no cloak)
rCorr   .          Rampage  .   (no gloves)
Will    +....                   (boots unavailable)
Stlth   ++........              (no amulet)
HPRegen 0.21/turn               d - +6 ring of strength
MPRegen 0.00/turn               r - ring of fire

@: flying
A: sickness immunity, fire resistance 2, cold vulnerability 1, float, innate
caster, HP casting, extra vitality 1
a: Renounce Religion


You were on level 8 of the Dungeon.
You worshipped Makhleb.
Makhleb was noncommittal.
You visited 2 branches of the dungeon, and saw 9 of its levels.
You also visited: Ossuary.

You collected 370 gold pieces.
You spent 78 gold pieces at shops.

Inventory:

Hand Weapons
 e - a +1 dagger
 f - a +1 mace of protection
 x - the +5 dagger of Midsummer (weapon) {vorpal, Contam rElec rC+ SInv}
   (You took it off a centaur on level 6 of the Dungeon)

   It inflicts extra damage upon your enemies.
   rC:        It protects you from cold.
   rElec:     It insulates you from electricity.
   SInv:      It lets you see invisible.
   Contam:    It causes magical contamination when unequipped.
Armour
 y - +0 steam dragon scales (worn)
Jewellery
 d - a +6 ring of strength (left hand)
 r - a ring of fire (right hand)
 w - a ring of see invisible
Wands
 q - a wand of flame (9)
Scrolls
 h - a scroll of immolation
 i - a scroll of vulnerability
 n - 2 scrolls of enchant weapon
 o - a scroll of fear
 p - a scroll of amnesia {unknown}
 s - 5 scrolls of fog
 t - a scroll of summoning {unknown}
 v - a scroll of brand weapon {unknown}
Potions
 b - 4 potions of mutation
 c - 3 potions of haste {unknown}
 g - a potion of degeneration {unknown}
 j - a potion of ambrosia {unknown}
 k - 2 potions of heal wounds
 l - 6 potions of curing {unknown}
 m - 2 potions of experience {unknown}
 u - 2 potions of might
 z - a potion of berserk rage
 A - a potion of resistance {unknown}
 B - a potion of attraction {unknown}


   Skills:
 * Level 4.5 Fighting
 + Level 3.1 Dodging
 + Level 2.4 Stealth
 * Level 9.9 Spellcasting
 * Level 0.9 Invocations


You had 5 spell levels left.
You knew the following spells:

 Your Spells              Type           Power      Damage    Failure   Level
a - Foxfire               Conj/Fire      100%       2x1d9     1%          1
b - Scorch                Fire           100%       2d10      1%          2
c - Conjure Flame         Conj/Fire      70%        6-21      1%          3
d - Inner Flame           Hex/Fire       70%        N/A       1%          3
e - Flame Wave            Conj/Fire      70%        2d13      1%          4
f - Summon Small Mammal   Summ           100%       N/A       1%          1
g - Ensorcelled Hibernat  Hex/Ice        100%       N/A       1%          2
h - Lesser Beckoning      Tloc           53%        N/A       1%          3
i - Hailstorm             Conj/Ice       53%        3d12      1%          4
Your spell library was empty.

Dungeon Overview and Level Annotations

Branches:
Dungeon (8/15)             Temple (1/1) D:5         Ossuary (visited)
   Lair: D:8-11

Altars:
Cheibriados
Dithmenos
Elyvilon
Fedhas
Gozag
Hepliaklqana
Kikubaaqudgha
Makhleb
Nemelex Xobeh
Okawaru
Qazlal
Ru
Trog
Uskayaw
Vehumet
Wu Jian
Xom
Yredelemnul
Zin
Beogh

Shops:
D:1 ?   D:5 *

Annotations:
D:6 1 runed translucent door, sirJeffrey23's ghost, novice DsMo


Innate Abilities, Weirdness & Mutations

You are immune to sickness and miasma.
You are immune to poison.
Your flesh is very heat resistant. (rF++)
You are vulnerable to cold. (rC-)
You float through the air rather than walking.
You learn spells naturally, not from books.
Your magical power is your life essence.
You have superior vitality. (+4 MHP)


Message History

You feel a surge of power!
You conjure some foxfire!
The foxfire hits the six-headed hydra.
The six-headed hydra is moderately wounded.
The foxfire hits the six-headed hydra.
The six-headed hydra is moderately wounded.
Your foxfire dissipates!
Casting: Foxfire (safe; 1% risk of failure)
Confirm with . or Enter, or press ? or * to list all spells.
You feel a surge of power!
Flames lash the six-headed hydra.
The six-headed hydra is moderately wounded.
The six-headed hydra's fire resistance burns away.
The foxfire hits the six-headed hydra!
The six-headed hydra is burned terribly!
The six-headed hydra is heavily wounded.
Casting: Scorch (safe; 1% risk of failure)
Confirm with . or Enter, or press ? or * to list all spells.
You feel a surge of power!
Flames lash the six-headed hydra.
The six-headed hydra is burned terribly!
The six-headed hydra is heavily wounded.
Your foxfire dissipates!
Unknown command.
Casting: Scorch (safe; 1% risk of failure)
Confirm with . or Enter, or press ? or * to list all spells.
You feel a surge of power!
Flames lash the six-headed hydra.
The six-headed hydra is burned terribly!
The six-headed hydra is severely wounded.
The six-headed hydra closely misses you.
The six-headed hydra bites you. x3; The six-headed hydra bites you!
* * * LOW HITPOINT WARNING * * *
The six-headed hydra misses you.
Casting: Scorch (safe; 1% risk of failure)
Confirm with . or Enter, or press ? or * to list all spells.
You feel a surge of power!
Flames lash the six-headed hydra.
The six-headed hydra is burned terribly!
The six-headed hydra is almost dead.
* * * LOW HITPOINT WARNING * * *
The six-headed hydra bites you.
* * * LOW HITPOINT WARNING * * *
The six-headed hydra barely misses you. The six-headed hydra bites you!
You die...

.. .# .. #)# #.# .# ..
#)# #.#####.###..
###)###.....#......
.#####.).v#.............
...$.#.D#§..............
#...@##..............
#.....#.[.[.......<..
#...#..........<.......
#.# ###................
.. ###..#..............
# #....##...........†.
#...##.###.....#......
#..## #....###..###..##
.. ####.# #...##....


You could see a six-headed hydra (combustible).

Vanquished Creatures
  Pikel (D:4)
  A steam dragon (D:8)
  Menkaure (D:6)
  2 ogres
  2 sky beasts
  3 black bears
  2 necrophages
  3 centaurs
  A lemure (D:4)
  2 phantoms
  2 elf zombies (Ossuary)
  A bullfrog (D:7)
  A gnoll sergeant (D:5)
  5 scorpions
  3 wights (D:7)
  A centaur zombie (Ossuary)
  A hound (D:5)
  3 orc priests
  A bullfrog skeleton (D:5)
  A gnoll shaman (D:5)
  2 iguanas
  6 orc wizards
  A scorpion zombie (D:5)
  2 mummies (Ossuary)
  5 gnolls (D:5)
  7 adders
  A howler monkey skeleton (D:7)
  A shadow imp (D:8)
  2 white imps (D:8)
  An ufetubus (D:6)
  2 adder skeletons (D:4)
  An adder zombie (Ossuary)
  A worm (D:2)
  3 dart slugs
  20 orcs
  3 bats (D:2)
  5 endoplasms
  4 giant cockroaches
  6 goblins
  6 hobgoblins
  3 jackals (D:5)
  13 kobolds
  6 quokkas
  3 ball pythons
  2 frilled lizards (D:2)
  3 goblin zombies
  12 hobgoblin zombies (Ossuary)
  2 jackal zombies (Ossuary)
  14 kobold zombies (Ossuary)
  3 orc zombies (Ossuary)
  A quokka zombie (D:4)
  12 rats
190 creatures vanquished.

Vanquished Creatures (others)
  449 foxfires
  13 plants (D:5)
462 creatures vanquished.

Grand Total: 652 creatures vanquished

Notes
Turn   | Place    | Note
-------+----------+-------------------------------------------
     0 | D:1      | robertstho the Djinni Fire Elementalist began the quest for
                  | the Orb.
     0 | D:1      | Reached XP level 1. HP: 15/15 MP: 0/0
   312 | D:1      | Reached XP level 2. HP: 6/21 MP: 0/0
   770 | D:1      | Found Cabiniwi's Magic Scroll Shoppe.
   773 | D:1      | Bought a scroll of identify for 22 gold pieces
  1185 | D:1      | Reached skill level 3 in Spellcasting
  1185 | D:1      | Reached XP level 3. HP: 2/26 MP: 0/0
  1185 | D:1      | Learned a level 1 spell: Summon Small Mammal
  1726 | D:1      | Found a faded altar of an unknown god.
  1773 | D:2      | Found a shimmering altar of Xom.
  2505 | D:2      | Reached XP level 4. HP: 28/31 MP: 0/0
  2919 | D:2      | Reached skill level 1 in Fighting
  3431 | D:3      | Found a white marble altar of Elyvilon.
  3535 | D:3      | Noticed an ogre
  3543 | D:3      | Killed an ogre
  3544 | D:3      | Reached skill level 4 in Spellcasting
  3544 | D:3      | Reached XP level 5. HP: 26/37 MP: 0/0
  3544 | D:3      | Learned a level 2 spell: Ensorcelled Hibernation
  3718 | D:3      | Reached XP level 6. HP: 38/42 MP: 0/0
  4407 | D:4      | Found a sand-covered staircase.
  4416 | Ossuary  | Entered an ossuary
  5050 | Ossuary  | Reached skill level 5 in Spellcasting
  5054 | Ossuary  | Reached XP level 7. HP: 29/49 MP: 0/0
  5054 | Ossuary  | Learned a level 3 spell: Lesser Beckoning
  5702 | D:4      | Reached skill level 6 in Spellcasting
  5702 | D:4      | Reached XP level 8. HP: 23/55 MP: 0/0
  6030 | D:4      | Upgraded the game from 0.29-a0-25-g7f48f510a0 to
                  | 0.29-a0-40-g8eb35efe60
  6194 | D:4      | Identified the +1 ring mail of Fun {Str+2}
  6394 | D:5      | Entered Level 5 of the Dungeon
  6409 | D:5      | Noticed Pikel
  6411 | D:5      | Reached skill level 7 in Spellcasting
  7013 | D:4      | Killed Pikel
  7014 | D:4      | Reached XP level 9. HP: 49/60 MP: 0/0
  7014 | D:4      | Learned a level 4 spell: Hailstorm
  7129 | D:5      | Reached skill level 8 in Spellcasting
  7284 | D:5      | Found a shadowy altar of Dithmenos.
  7568 | D:5      | Found a staircase to the Ecumenical Temple.
  7722 | Temple   | Entered the Ecumenical Temple
  7958 | D:5      | Found Umoawnock's General Store.
  7961 | D:5      | Bought a potion of might for 56 gold pieces
  8601 | D:6      | Noticed Menkaure
  8603 | D:6      | Killed Menkaure
  8655 | D:6      | Identified the +5 dagger of Midsummer {vorpal, Contam rElec
                  | rC+ SInv}
  8666 | D:6      | Reached skill level 9 in Spellcasting
  9140 | D:6      | Found a runed translucent door.
  9140 | D:6      | Found a shimmering altar of Xom.
  9140 | D:6      | Noticed sirJeffrey23's ghost (novice DsMo)
  9141 | D:6      | Noticed a +2 war axe of chaos
  9357 | D:7      | Reached XP level 10. HP: 58/68 MP: 0/0
  9415 | D:7      | Found a burning altar of Makhleb.
  9927 | D:7      | Became a worshipper of Makhleb the Destroyer
 10496 | D:8      | Noticed a six-headed hydra
 10505 | D:8      | Slain by a six-headed hydra

Illustrated notes

Levels and vault maps discovered:
D:1:      ncdulo_watergridlock, layout_basic, serial_shops,
          nicolae_shop_behind_doors, hellmonk_ecumenical_altar_defaced_shrine,
          serial_bayou_pond_d, minmay_rat_gold_closets
D:2:      layout_loops_corners, basic_altar, hangedman_decor_clover_reticule
D:3:      layout_basic, mainiacjoe_overflow_paths
D:4:      layout_cave_pools, enter_ossuary_4
D:5:      layout_rooms, nicolae_dithmenos_shadow_blocks, temple_hall,
          serial_shops, kennysheep_mini_moat, minmay_misc_feat_rugged,
          nicolae_grassy_gnolls, uniq_pikel
D:6:      layout_basic, ebering_ghost_xom, hangedman_decor_push,
          kennysheep_cross_room, uniq_menkaure
D:7:      layout_layer_cave, lemuel_doored_altar
D:8:      layout_rooms, nicolae_overflow_hidden_temple, ashenzari_altar_1,
          lair_entry_dummy, serial_shops, nicolae_shop_waterfront
Temple:   nicolae_temple_elliptical

Skill      XL: |  1  2  3  4  5  6  7  8  9 |
---------------+----------------------------+-----
Spellcasting   | 3 4 5 6 7 9 |  9.9
Fighting       | 1 2 3 4 |  4.5
Stealth        | 2 |  2.4
Dodging        | 3 |  3.1
Invocations    | |  0.9

Action                   |  1- 3 |  4- 6 |  7- 9 | 10-12 || total
-------------------------+-------+-------+-------+-------++-------
Melee: Dagger            |       |     4 |     3 |       ||     7
       Mace              |       |       |     7 |       ||     7
 Cast: Foxfire           |    59 |    91 |    74 |    43 ||   267
       Scorch            |    15 |    44 |    90 |    19 ||   168
       Conjure Flame     |       |     1 |       |       ||     1
       Flame Wave        |       |     1 |     2 |       ||     3
       Ensorcelled Hiber |       |       |     5 |       ||     5
       Summon Small Mamm |       |       |     1 |       ||     1
Evoke: Wand              |       |       |     1 |       ||     1
  Use: Scroll            |     1 |     2 |     7 |       ||    10
       Potion            |       |     1 |       |       ||     1
 Stab: Sleeping          |       |     1 |       |       ||     1
Armor: Robe              |     4 |     1 |     9 |       ||    14
Dodge: Dodged            |    18 |    12 |    36 |     6 ||    72

Table legend: (Time is in decaauts)
 A = Elapsed time spent in this place.
 B = Non-inter-level travel time spent in this place.
 C = Inter-level travel time spent in this place.
 D = Time resting spent in this place.
 E = Time spent auto-exploring this place.
 F = Levels seen in this place.
 G = Mean time per level.
                   A        B        C        D        E       F      G
               +--------+--------+--------+--------+--------+-----+--------+
         Total |  10508 |  10140 |    368 |   1699 |   7283 |  10 | 1050.8 |
       Dungeon |   9294 |   8955 |    339 |   1256 |   6737 |   8 | 1161.8 |
        Temple |    181 |    153 |     28 |      0 |    140 |   1 |  181.0 |
       Ossuary |   1031 |   1031 |      0 |    443 |    406 |   1 | 1031.0 |
               +--------+--------+--------+--------+--------+-----+--------+

Top non-repeatable levels by time:
     D:1: 1773 daAuts
     D:2: 1602 daAuts
     D:3: 1343 daAuts
     D:4: 1294 daAuts
     D:7: 1144 daAuts
     D:5: 1050 daAuts
 Ossuary: 1031 daAuts
     D:6: 896 daAuts
     D:8: 190 daAuts
  Temple: 181 daAuts
